AoeStats
← _LY_抖音肥龙

African Clearing

506854514Analyzed
4v4 RM · 16d ago on Sep 15, 2026· 41m 53s· 8 players
Game mode
Random Map
Map size
Large (8 player)
Population
200
Speed
Normal
Resources
Standard
Victory
Conquest
Starting age
Dark Age
Ending age
Imperial Age
RankedLock teamsTeams togetherTeam positionsShared explorationLock speedFull tech treeHidden civsTurbo modeCheats
Victory
Defeat
🇮🇹 Malians · Italy
1813
+10
🇭🇰 Dravidians · Hong Kong SAR China
1794
+11
🇸🇬 Chinese · Singapore
1787
+11
🇹🇼 Burgundians · Taiwan
1603
+19
🇷🇺 Armenians · Russia
1742
-15
1702
-14
🇨🇳 Malay · China
1676
-13
🇭🇰 Lithuanians · Hong Kong SAR China
1579
-9
种田人口才是基本盘
5:40 Loom
14:07 Feudal Age
18:13 Castle Age
31:19 Scale Barding Armor
34:11 Bloodlines
35:14 Forging
37:39 Wheelbarrow
37:45 Chain Barding Armor
37:44 Town Watch
41:38 Iron Casting
42:02 Husbandry
CNZS_MING
12:32 Loom
14:26 Feudal Age
18:41 Castle Age
17:22 Double-Bit Axe
17:55 Town Watch
22:04 Fletching
22:22 Crossbowman
26:09 Bodkin Arrow
27:37 Bow Saw
27:08 Horse Collar
27:43 Fishing Lines
33:42 Guard Tower
34:16 Ballistics
38:45 Horse Collar
41:28 Gillnets
Eugenius
12:00 Loom
14:24 Feudal Age
15:31 Double-Bit Axe
17:58 Castle Age
19:02 Bow Saw
19:04 Town Watch
19:35 Horse Collar
28:00 Wheelbarrow
28:08 Fletching
28:48 Gold Mining
28:50 Stone Mining
29:42 Bodkin Arrow
30:12 Ballistics
30:51 Padded Archer Armor
34:06 Imperial Age
32:52 Hand Cart
33:29 Gold Shaft Mining
33:56 Leather Archer Armor
33:52 Masonry
34:48 Bracer
35:49 Chemistry
35:11 Conscription
35:41 Ring Archer Armor
34:50 Elite Composite Bowman
36:34 Coinage
36:36 Town Patrol
37:21 Hoardings
牙dog
12:10 Feudal Age
12:46 Double-Bit Axe
18:05 Loom
18:31 Fletching
22:01 Town Watch
26:26 Castle Age
25:23 Padded Archer Armor
26:03 Gold Mining
25:54 Horse Collar
27:08 Bodkin Arrow
26:50 Crossbowman
30:48 Wheelbarrow
30:30 Heavy Plow
36:25 Hand Cart
38:25 Hand Cart
40:59 Guard Tower
41:29 Ballistics
41:30 Treadmill Crane
44:22 Imperial Age
Vegeta
3:25 Loom
11:31 Feudal Age
16:53 Wheelbarrow
20:02 Fletching
20:39 Town Watch
27:41 Castle Age
27:09 Double-Bit Axe
OS+ | 青田龙
7:23 Loom
14:19 Feudal Age
14:25 Man-at-Arms
14:51 Double-Bit Axe
16:22 Horse Collar
19:25 Fletching
24:57 Castle Age
23:26 Scale Barding Armor
24:07 Bloodlines
24:28 Gold Mining
26:20 Bow Saw
26:27 Husbandry
28:41 Heavy Plow
29:30 Chain Barding Armor
30:26 Wheelbarrow
35:54 Bodkin Arrow
37:33 Forging
_LY_抖音肥龙
14:02 Feudal Age
14:30 Fishing Lines
14:36 Double-Bit Axe
17:35 Castle Age
17:09 Loom
18:32 Bow Saw
18:55 Gillnets
21:58 Wheelbarrow
23:32 Town Watch
25:46 Fletching
30:20 Imperial Age
28:38 Hand Cart
28:25 Bodkin Arrow
28:45 Horse Collar
30:06 Padded Archer Armor
30:34 Medical Corps
30:37 Thumb Ring
30:56 Husbandry
32:02 Ballistics
32:43 Chemistry
32:18 Bracer
33:58 Leather Archer Armor
34:01 Elite Elephant Archer
35:23 Ring Archer Armor
36:52 Conscription
36:35 Heavy Plow
38:25 Gold Mining
39:37 Two-Man Saw
39:00 Stone Mining
40:21 Guilds
40:24 Masonry
DYS.K
8:19 Double-Bit Axe
14:28 Feudal Age
15:43 Bow Saw
15:31 Stone Mining
18:09 Castle Age
16:01 Gold Mining
17:05 Horse Collar
19:14 Fishing Lines
20:31 Heavy Plow
21:32 Two-Man Saw
21:21 Loom
24:10 Wheelbarrow
25:36 Hand Cart
25:32 Scale Barding Armor
27:50 Gold Shaft Mining
27:51 Stone Shaft Mining
27:19 Town Watch
27:45 Gillnets
32:47 Imperial Age
30:32 Forging
31:55 Chain Barding Armor
32:11 Iron Casting
31:40 Husbandry
32:57 Elite Coustillier
34:14 Plate Barding Armor
34:45 Conscription
35:34 Blast Furnace
37:35 Town Patrol
40:11 Chemistry
41:23 Fletching
41:54 Ballistics
41:46 Masonry
Connection lost

Rejoining the realm…

Still unreachable

The connection could not be restored.

Session expired

The server has moved on; the page needs a fresh start.